 Dungeon Crawl Stone Soup version 0.25-a0-731-g0472a16 (webtiles) character file.

Game seed: 3635366335828197985, levelgen mode: deterministic

1106 BlueFish the Thaumaturge (level 8, -3/57 HPs)
             Began as a Mummy Wizard on Apr 8, 2020.
             Was an Initiate of Kikubaaqudgha.
             Slain by a wight
             ... wielding a +4 falchion
              (7 damage)
             ... on level 4 of the Dungeon.
             The game lasted 00:16:15 (7363 turns).

BlueFish the Thaumaturge (Mummy Wizard)             Turns: 7363, Time: 00:16:16

Health: -3/57      AC:  6    Str: 13    XL:     8   Next: 11%
Magic:  12/20      EV: 13    Int: 19    God:    Kikubaaqudgha [......]
Gold:   233        SH:  0    Dex: 11    Spells: 9/23 levels left

rFire    x . .     SeeInvis .   k - +1 whip (flame)
rCold    + . .     Gourm    .   (no shield)
rNeg     + + +     Faith    .   a - +0 robe
rPois    ∞         Spirit   .   b - +0 hat
rElec    .         Reflect  .   g - +2 cloak
rCorr    .         Harm     .   d - +0 pair of gloves
MR       +....                  (no boots)
Stlth    ++........             (no amulet)
HPRegen  0.19/turn              f - +3 ring of strength
MPRegen  0.17/turn              (no ring)

@: very slightly contaminated
A: no food or potions, fire vulnerability, cold resistance 1, negative energy
resistance 3, torment resistance, unbreathing
a: Renounce Religion


You were on level 4 of the Dungeon.
You worshipped Kikubaaqudgha.
Kikubaaqudgha was noncommittal.
You were not hungry.

You visited 2 branches of the dungeon, and saw 7 of its levels.

You collected 233 gold pieces.

Inventory:

Hand Weapons
 c - a +1 short sword
 h - a +0 whip
 j - a +2 quarterstaff of chaos
 k - a +1 whip of flaming (weapon)
 s - a +1 hand axe of electrocution
Armour
 a - a +0 robe (worn)
 b - a +0 hat (worn)
 d - a +0 pair of gloves (worn)
 g - a +2 cloak (worn)
Jewellery
 f - a +3 ring of strength (left hand)
Wands
 o - a wand of paralysis (7)
Scrolls
 e - a scroll of enchant weapon
 i - a scroll of blinking
 l - 2 scrolls of teleportation
 m - 3 scrolls of remove curse
 n - 2 scrolls of amnesia
 p - a scroll of magic mapping
 q - 2 scrolls of immolation {unknown}
 r - 2 scrolls of fog
 t - a scroll of enchant armour {unknown}


   Skills:
 * Level 2.5 Fighting
 + Level 0.3 Short Blades
 + Level 0.6 Axes
 + Level 0.1(0.4) Maces & Flails
 * Level 3.0 Dodging
 * Level 2.7 Stealth
 * Level 8.2 Spellcasting
 + Level 2.0 Conjurations
 + Level 1.9 Summonings
 * Level 2.6 Necromancy
 + Level 0.7 Translocations
 + Level 0.1 Air Magic
 * Level 1.7 Evocations


You had 9 spell levels left.
You knew the following spells:

 Your Spells              Type           Power        Failure   Level  Hunger
a - Magic Dart            Conj           ###.         3%          1    N/A
b - Blink                 Tloc           N/A          10%         2    N/A
c - Call Imp              Summ           ###.....     6%          2    N/A
d - Slow                  Hex            #.......     14%         2    N/A
e - Mephitic Cloud        Conj/Pois/Air  ##......     21%         3    N/A
f - Animate Skeleton      Necr           N/A          3%          1    N/A
g - Dazzling Flash        Conj/Hex       ##....       17%         3    N/A

Your spell library contained the following spells:

 Spells                   Type           Power        Failure   Level  Hunger
 Summon Small Mammal      Summ           ###.         4%          1    N/A
 Apportation              Tloc           ##....       7%          1    N/A
 Corona                   Hex            #......      9%          1    N/A
 Ensorcelled Hibernation  Hex/Ice        #.....       14%         2    N/A
 Sticks to Snakes         Tmut           #.......     14%         2    N/A
 Conjure Flame            Conj/Fire      ##......     17%         3    N/A
 Confusing Touch          Hex            #.......     26%         3    N/A
 Tukima's Dance           Hex            #.......     26%         3    N/A
 Beastly Appendage        Tmut           Unusable     N/A         1    N/A
 Spider Form              Tmut/Pois      Unusable     N/A         3    N/A
 Ice Form                 Ice/Tmut       Unusable     N/A         4    N/A
 Blade Hands              Tmut           Unusable     N/A         5    N/A

Dungeon Overview and Level Annotations

Branches:
Dungeon (6/15)             Temple (1/1) D:5

Altars:
Ashenzari
Cheibriados
Dithmenos
Elyvilon
Gozag
Hepliaklqana
Kikubaaqudgha
Makhleb
Nemelex Xobeh
Okawaru
Qazlal
Ru
Sif Muna
Trog
Uskayaw
Vehumet
Wu Jian
Xom
Yredelemnul
Zin

Shops:
D:5 =


Innate Abilities, Weirdness & Mutations

You do not eat or drink.
Your flesh is vulnerable to fire.
You are immune to poison.
Your flesh is cold resistant. (rC+)
You are immune to negative energy. (rN+++)
You are immune to unholy pain and torment.
You can survive without breathing.


Message History

The wight closely misses you.
Your crimson imp barely misses the wight.
You hit the wight but do no damage.
The wight is severely damaged.
The wight hits you with a +4 falchion!
* * * LOW HITPOINT WARNING * * *
Your crimson imp hits the wight but does no damage.
You hit the wight but do no damage.
The wight is severely damaged.
The wight hits you with a +4 falchion!
* * * LOW HITPOINT WARNING * * *
Your crimson imp hits the wight but does no damage.
Your crimson imp closely misses the wight.
There is an escape hatch in the floor here.
Casting: Call Imp (safe; 6% risk of failure)
Confirm with . or Enter, or press ? or * to list all spells.
A beastly little devil appears in a puff of flame.
The wight hits you with a +4 falchion!
You die...
Kikubaaqudgha rasps: "You have failed me!
Welcome... oblivion!"

####......##..##.#..........# #.#
....(...##......<..#..#...### #.#
####.#####.#..##.#........#####.#
#.# #.#..........##..##..... #.#
#.#.....#.#.###..##..... #.#
###.#####.#.#.###..##..... #.#
#...# #.#.#............. #.#
#.### #5#.####...##..... #.# #.#
#@#.# #...##..... #.# #.#
#z#.####...##..... #.# #.#
###5#..............# #.# #.#
#.>.##.###.#.####### #.# #.#
#.#....# #.#.# # ###.###.#
#.####.# #.#.# # #....##.# #.#
#.# #.#.####### ##.##.##.# #.#
#.# #.......... ♣⌠♣......# #.#
#.#####.#######


You could see a wight and 2 friendly crimson imps.

Vanquished Creatures
  Pikel (D:5)
  2 slaves (D:5)
  An ogre (D:4)
  A water moccasin skeleton (D:4)
  An orc wizard (D:3)
  An orc priest (D:5)
  A bullfrog skeleton (D:5)
  A hound (D:5)
  Crazy Yiuf (D:5)
  An iguana (D:5)
  A worker ant (D:4)
  10 adders
  An adder skeleton (D:4)
  A worm (D:3)
  4 leopard geckos
  7 orcs
  4 giant cockroaches
  7 goblins
  8 hobgoblins
  A quokka (D:3)
  11 bats
  4 frilled lizards
  8 kobolds
  A leopard gecko skeleton (D:4)
  A leopard gecko zombie (D:5)
  A quokka zombie (D:5)
  7 rats
88 creatures vanquished.

Vanquished Creatures (collateral kills)
  An ice beast (D:5)
  A crimson imp (D:5)
  A centaur skeleton (D:5)
  An orc wizard (D:5)
  An orc priest (D:5)
  An adder (D:3)
  3 worms
  An orc (D:5)
  2 giant cockroaches
12 creatures vanquished.

Grand Total: 100 creatures vanquished

Notes
Turn   | Place    | Note
-------+----------+-------------------------------------------
     0 | D:1      | BlueFish the Mummy Wizard began the quest for the Orb.
     0 | D:1      | Reached XP level 1. HP: 13/13 MP: 5/5
   311 | D:1      | Reached XP level 2. HP: 10/20 MP: 0/7
  1445 | D:2      | Reached XP level 3. HP: 24/25 MP: 1/9
  1449 | D:2      | Learned a level 2 spell: Blink
  1452 | D:2      | Learned a level 2 spell: Call Imp
  1455 | D:2      | Learned a level 2 spell: Slow
  1527 | D:2      | Learned a level 3 spell: Mephitic Cloud
  1687 | D:2      | Reached skill level 5 in Spellcasting
  1851 | D:2      | Learned a level 1 spell: Animate Skeleton
  2300 | D:2      | Reached skill level 1 in Conjurations
  2329 | D:2      | Reached XP level 4. HP: 31/31 MP: 4/11
  2508 | D:2      | Found a bloodstained altar of Trog.
  2699 | D:3      | Reached skill level 1 in Summonings
  3268 | D:3      | Reached skill level 1 in Fighting
  3268 | D:3      | Reached XP level 5. HP: 24/37 MP: 5/13
  3273 | D:3      | Learned a level 3 spell: Dazzling Flash
  3627 | D:3      | Found a faded altar of an unknown god.
  4098 | D:4      | Reached skill level 6 in Spellcasting
  4408 | D:4      | Reached skill level 1 in Necromancy
  4642 | D:4      | Noticed an ogre
  4651 | D:4      | Killed an ogre
  4651 | D:4      | Reached XP level 6. HP: 43/43 MP: 5/15
  4842 | D:4      | Found a stormy altar of Qazlal.
  5150 | D:5      | Entered Level 5 of the Dungeon
  5434 | D:5      | Noticed an ice beast
  5468 | D:5      | Killed an ice beast
  5774 | D:5      | Reached skill level 7 in Spellcasting
  5785 | D:5      | Reached XP level 7. HP: 36/49 MP: 9/17
  6007 | D:5      | Found a staircase to the Ecumenical Temple.
  6016 | Temple   | Entered the Ecumenical Temple
  6118 | Temple   | Became a worshipper of Kikubaaqudgha
  6318 | D:5      | Reached skill level 1 in Evocations
  6399 | D:5      | Found a runed translucent door.
  6400 | D:5      | Noticed Crazy Yiuf
  6465 | D:5      | Found Wuvud's Jewellery Shoppe.
  6613 | D:5      | Found a stormy altar of Qazlal.
  6791 | D:5      | HP: 2/49 [Crazy Yiuf/+2 quarterstaff of chaos (7)]
  6812 | D:5      | Killed Crazy Yiuf
  7133 | D:6      | Noticed Pikel
  7142 | D:5      | Killed Pikel
  7142 | D:5      | Reached skill level 8 in Spellcasting
  7142 | D:5      | Reached XP level 8. HP: 43/57 MP: 16/20
  7363 | D:4      | Slain by a wight

Levels and vault maps discovered:
D:1:      saegor_arrival_simple_c, layout_basic, serial_glass, glass_columns_a,
          glass_columns_b
D:2:      layout_loops_corners, lightli_temple_of_fire, due_unseen_surprise
D:3:      layout_rooms, chequers_ecumenical_altar_grove
D:4:      layout_loops_ring, marbit_many_paths, kennysheep_decorative_pillar
D:5:      layout_rooms, minmay_temple_entry_junction, serial_shops,
          kennysheep_little_box, first_ration, nicolae_qazlal_eye_of_the_storm,
          uniq_crazy_yiuf_cottage
D:6:      layout_rooms, uniq_pikel, uniq_grinder
Temple:   regret_index_temple_mists

Skill      XL: |  1  2  3  4  5  6  7 |
---------------+----------------------+-----
Dodging        | 2 3 |  3.0
Spellcasting   | 5 6 7 8 |  8.2
Conjurations   | 1 2 |  2.0
Summonings     | 1 |  1.9
Fighting       | 1 2 |  2.5
Stealth        | 2 |  2.7
Necromancy     | 1 2 |  2.6
Evocations     | 1 |  1.7
Short Blades   | |  0.3
Axes           | |  0.6
Maces & Flails | |  0.1
Translocations | |  0.7
Air Magic      | |  0.1

Action                   |  1- 3 |  4- 6 |  7- 9 || total
-------------------------+-------+-------+-------++-------
Melee: Short sword       |    32 |    24 |       ||    56
       Whip              |       |    48 |    13 ||    61
       Hand axe          |       |    27 |    26 ||    53
 Cast: Magic Dart        |    88 |   151 |    28 ||   267
       Call Imp          |       |    22 |    23 ||    45
       Mephitic Cloud    |       |     1 |     1 ||     2
  Use: Scroll            |     4 |     3 |     1 ||     8
 Stab: Distracted        |       |     1 |       ||     1
       Confused          |       |       |     2 ||     2
Armor: Robe              |    12 |    44 |    20 ||    76
Dodge: Dodged            |    51 |    78 |    34 ||   163

Table legend:
 A = Non-vault XP
 B = Vault XP
 C = Vault XP percentage of total XP
 D = Non-vault monster count
 E = Vault monster count
 F = Vault count percentage of total count
                 A         B        C        D         E       F
            +---------+---------+-------+---------+---------+-------
      Total |     845 |     736 |  46.6 |      96 |       2 |   2.0
            +---------+---------+-------+---------+---------+-------
        D:1 |      24 |       0 |   0.0 |      17 |       0 |   0.0
        D:2 |      78 |       0 |   0.0 |      19 |       0 |   0.0
        D:3 |     113 |       0 |   0.0 |      26 |       0 |   0.0
        D:4 |     251 |       0 |   0.0 |      13 |       0 |   0.0
        D:5 |     379 |     736 |  66.0 |      21 |       2 |   8.7
            +---------+---------+-------+---------+---------+-------
